 Dungeon Crawl Stone Soup version 0.28-a0-8-g6e044cfa68 (webtiles) character file.

Game seed: 923550024330357820

189 Wyvernaa the Cutter (level 5, 0/28 HPs)
             Began as a Vine Stalker Fighter on July 24, 2021.
             Slain by Sigmund (1 damage)
             ... on level 3 of the Dungeon.
             The game lasted 00:04:17 (2558 turns).

Wyvernaa the Cutter (Vine Stalker Fighter)          Turns: 2558, Time: 00:04:17

Health: 0/28       AC:  7    Str: 19    XL:     5   Next: 68%
Magic:  0/6        EV:  7    Int:  8    God:
Gold:   65         SH:  9    Dex: 14    Spells: 4/4 levels left

rFire   . . .      SeeInvis .   a - +0 rapier
rCold   . . .      Faith    .   c - +0 kite shield
rNeg    . . .      Spirit   +   b - +0 scale mail
rPois   .          Reflect  .   (no helmet)
rElec   .          Harm     .   i - +0 cloak
rCorr   +          Rampage  .   (no gloves)
Will    .....                   (no boots)
Stlth   ..........              (no amulet)
HPRegen 1.09/turn               g - ring of resist corrosion
MPRegen 0.10/turn               (no ring)

@: no status effects
A: fangs 2, regeneration 1, magic shield, antimagic bite, no potion heal 2
a: no special abilities


You were on level 3 of the Dungeon.
You visited 1 branch of the dungeon, and saw 3 of its levels.

You collected 65 gold pieces.

Inventory:

Hand Weapons
 a - a +0 rapier (weapon)
Armour
 b - a +0 scale mail (worn)
 c - a +0 kite shield (worn)
 i - a +0 cloak (worn)
Jewellery
 g - a ring of resist corrosion (left hand)
Scrolls
 d - a scroll of magic mapping
 h - a scroll of fear
 j - a scroll of holy word
 l - a scroll of teleportation
Potions
 e - a potion of attraction
 f - a potion of magic {unknown}
 k - a potion of invisibility {unknown}


   Skills:
 + Level 3.1 Fighting
 + Level 3.6 Short Blades
 + Level 2.9 Armour
 + Level 1.0 Dodging
 + Level 0.1 Stealth
 + Level 3.5 Shields


You had 4 spell levels left.
You didn't know any spells.
Your spell library contained the following spells:

 Spells                   Type           Power      Damage    Failure   Level
 Poisonous Vapours        Pois/Air       0%         N/A       100%        2
 Mephitic Cloud           Conj/Pois/Air  0%         N/A       100%        3
 Freezing Cloud           Conj/Ice/Air   0%         6-21      100%        5


Dungeon Overview and Level Annotations

Branches:
Dungeon (3/15)

Altars:

Shops:
D:2 (

Annotations:
D:3 Sigmund


Innate Abilities, Weirdness & Mutations

You have extremely sharp teeth.
Your natural rate of healing is unusually fast.
When hurt, damage is shared between your health and your magic reserves.
Your bite disrupts and absorbs the magic of your enemies.
Potions cannot restore your health.


Message History

The orc is lightly wounded.
The orc hits you with a +0 club. You block the orc's attack.
You puncture the orc!
You kill the orc!
Something hits you.
No target in view!
No target in view!
You hear some strange, mumbled words.
A magic dart appears from out of thin air!
The magic dart hits you but does no damage.
Things that are here:
a +0 club; an orc corpse Your shield and scale mail prevent you from hitting something.
You block something's attack.
You closely miss something. You block something's attack.
Something hits you but does no damage.
You barely miss something. You bite something. You drain its magic.
You feel invigorated. You block something's attack.
You barely miss something. Something hits you but does no damage.
You miss something. Your bite misses something. You barely miss something.
Something hits you.
You hit something. Something hits you but does no damage. Something hits you.
You hit something. Your bite misses something. You block something's attack.
Your scale mail prevents you from hitting something.
Your bite misses something. Something hits you!
You miss something. You hit something. You bite something. You drain its magic.
You feel invigorated.
You closely miss something. Your bite misses something.
Something hits you but does no damage. Something hits you!
You closely miss something. Your bite misses something. Something hits you!
Unknown command.
You miss something. Your bite misses something. Something hits you!
* * * LOW HITPOINT WARNING * * *
Your shield prevents you from hitting something.
You bite something. Something completely misses you.
You closely miss something. Something hits you!
* * * LOW HITPOINT WARNING * * *
Something hits you.
You die...

## .. #. #.##
##..# ...# #.#
## #.###.....
.. #.@{..#
.... #### .##.
#)##.## #..#
...#
....#####)##.#
#..# .>.8
#.......##.#
#..# ....
##.#..####.#
#..# .8.<
#.#..# #.#
#..# #....#
#.#####..#
#.##.#
#.(......#
##.##.##
#.#####..###


There were no monsters in sight!

Vanquished Creatures
  A scorpion (D:3)
  An orc wizard (D:3)
  3 gnolls (D:2)
  2 adders (D:3)
  5 orcs (D:3)
  3 ball pythons
  5 endoplasms
  A giant cockroach (D:2)
  2 goblins
  4 hobgoblins
  3 jackals (D:1)
  3 kobolds
  3 quokkas
  8 bats
  3 frilled lizards
  10 rats
57 creatures vanquished.

Notes
Turn   | Place    | Note
-------+----------+-------------------------------------------
     0 | D:1      | Wyvernaa the Vine Stalker Fighter began the quest for the
                  | Orb.
     0 | D:1      | Reached XP level 1. HP: 11/11 MP: 2/2
   102 | D:1      | Reached XP level 2. HP: 11/16 MP: 1/3
   995 | D:1      | Reached XP level 3. HP: 20/20 MP: 4/4
  1176 | D:2      | Found a faded altar of an unknown god.
  1217 | D:2      | Found Veqyneo's Antique Weapon Shoppe.
  1706 | D:2      | Gained mutation: Your natural rate of healing is unusually
                  | fast. [Vine Stalker growth]
  1706 | D:2      | Reached XP level 4. HP: 3/24 MP: 2/5
  2272 | D:3      | Noticed a scorpion
  2299 | D:3      | Killed a scorpion
  2300 | D:3      | Reached skill level 1 in Dodging
  2300 | D:3      | Reached XP level 5. HP: 27/28 MP: 6/6
  2538 | D:3      | Noticed Sigmund
  2558 | D:3      | HP: 1/28 [something (7)]
  2558 | D:3      | Slain by Sigmund

Illustrated notes

Levels and vault maps discovered:
D:1:      dpeg_arrival_ratfight, layout_basic
D:2:      minmay_chambers_of_twos, layout_basic, serial_shops, shop,
          ebering_ecumenical_altar_hall, minmay_misc_feat_doors,
          hangedman_decor_points
D:3:      layout_loops_ring, mainiacjoe_overflow_paths, grunt_ministairs_7,
          minmay_box_of_dots, uniq_sigmund

Skill      XL: |  1  2  3  4 |
---------------+-------------+-----
Shields        | 3 |  3.5
Short Blades   | 2 3 |  3.6
Fighting       | 3 |  3.1
Dodging        | 1 |  1.0
Armour         | |  2.9
Stealth        | |  0.1

Action                   |  1- 3 |  4- 6 || total
-------------------------+-------+-------++-------
Melee: Rapier            |    84 |    81 ||   165
       Bite              |    23 |    20 ||    43
  Use: Scroll            |     4 |     2 ||     6
       Potion            |     1 |     1 ||     2
Armor: Scale mail        |    39 |    31 ||    70
Dodge: Dodged            |    30 |    11 ||    41
Block: Kite shield       |    45 |    36 ||    81

Table legend: (Time is in decaauts)
 A = Elapsed time spent in this place.
 B = Non-inter-level travel time spent in this place.
 C = Inter-level travel time spent in this place.
 D = Time resting spent in this place.
 E = Time spent auto-exploring this place.
 F = Levels seen in this place.
 G = Mean time per level.
                   A        B        C        D        E       F      G
               +--------+--------+--------+--------+--------+-----+--------+
         Total |   2608 |   2501 |    107 |    332 |   1730 |   3 |  869.3 |
       Dungeon |   2608 |   2501 |    107 |    332 |   1730 |   3 |  869.3 |
               +--------+--------+--------+--------+--------+-----+--------+

Top non-repeatable levels by time:
     D:2: 1135 daAuts
     D:1: 1089 daAuts
     D:3: 383 daAuts
